 Dungeon Crawl Stone Soup version 0.19-a0-1907-gcff654f (webtiles) character file.

38 Amnesiac the Sneak (level 3, 0/18 HPs)
             Began as a Vine Stalker Assassin on Oct 21, 2016.
             Succumbed to an adder's poison
             ... on level 3 of the Dungeon.
             The game lasted 00:02:14 (531 turns).

Amnesiac the Sneak (Vine Stalker Assassin)           Turns: 531, Time: 00:02:15

Health: 0/18       AC:  5    Str: 13    XL:     3   Next: 43%
Magic:  3/4        EV: 11    Int: 11    God:
Gold:   72         SH:  0    Dex: 16    Spells: 0 memorised, 2 levels left

rFire  . . .     SeeInvis .     a - +2 dagger
rCold  . . .     Gourm    .     i - +1 leather armour {rN+}
rNeg   + . .     Faith    .     (no shield)
rPois  .         Spirit   +     (no helmet)
rElec  .         Reflect  .     d - +0 cloak
rCorr  .         Harm     .     (no gloves)
MR     .....                    (no boots)
Stlth  +++.......               (no amulet)
                                (no ring)
                                (no ring)

@: lethally poisoned (0 -> -5), flying, very slightly contaminated, invisible
A: fangs 2, magic shield, antimagic bite, no device heal 3, rot immunity
a: no special abilities


You were on level 3 of the Dungeon.
You were not hungry.

You visited 1 branch of the dungeon, and saw 4 of its levels.

You collected 72 gold pieces.

Inventory:

Hand Weapons
 a - a +2 dagger (weapon)
 b - a +0 blowgun
Missiles
 e - 5 poisoned needles
 f - 2 curare-tipped needles
Armour
 d - a +0 cloak (worn)
 i - a +1 leather armour of positive energy (worn)
Scrolls
 h - a scroll of magic mapping {unknown}
 l - 2 scrolls of fear {unknown}
 m - a scroll of immolation {unknown}
 n - a scroll of enchant weapon {unknown}
 p - a scroll of blinking {unknown}
Comestibles
 g - a bread ration
 j - a slice of pizza
 k - a beef jerky


   Skills:
 - Level 1.7 Fighting
 + Level 2.4 Short Blades
 + Level 2.2 Throwing
 - Level 0.7 Dodging
 + Level 5.5 Stealth


You had 2 spell levels left.
You didn't know any spells.

Dungeon Overview and Level Annotations

Branches:
Dungeon (4/15)
 Temple: D:4-7

Altars:

Portals:
Sewer: D:3


Innate Abilities, Weirdness & Mutations

You have extremely sharp teeth.
When hurt, damage is shared between your health and your magic reserves.
Your bite disrupts and absorbs the magic of your enemies.
Potions and wands cannot restore your health.
You are immune to rotting.


Message History

* * * LOW HITPOINT WARNING * * *
You feel sick.
You enter the shallow water.
Moving in this stuff is going to be slow.
* * * LOW HITPOINT WARNING * * *
You feel sick.
Found a glowing drain.
You see here a poisoned needle.
e - 5 poisoned needles (gained 1)
* * * LOW HITPOINT WARNING * * *
You feel sick.
It was a potion of flight.
You feel very buoyant.
You fly up into the air.
It was a potion of invisibility.
You fade into invisibility!
* * * LOW HITPOINT WARNING * * *
You feel sick.
You are very lightly contaminated with residual magic.
You die...

#.# ##.#......( #.#
#.......... #.#
#..##...... #.#
#..##...... #.#
#.......... #≈#
#.###...... #≈# #.#
##.## #≈# #.# ##
#@#####.#####..
########..
#≈#............
##......##.#
#(####.#####...
#.......##.#####≈####.#
#..###...#.##..#∩#..#.#
#..#.....#.##.##≈##.#.#
#..#.#...#.#.#.####.#.#
#..#.##(##..###.......#
#.......##.## ##.##.###


There were no monsters in sight!

Vanquished Creatures
  An adder (D:3)
  An orc (D:3)
  2 goblins (D:1)
  3 hobgoblins
  3 jackals (D:3)
  4 bats
  A frilled lizard (D:1)
  6 kobolds
  7 rats
28 creatures vanquished.

Notes
Turn   | Place    | Note
-------+----------+-------------------------------------------
     0 | D:1      | Amnesiac the Vine Stalker Assassin began the quest for the Orb.
     0 | D:1      | Reached XP level 1. HP: 11/11 MP: 2/2
    69 | D:1      | Reached skill level 5 in Stealth
   124 | D:1      | Reached XP level 2. HP: 14/15 MP: 3/3
   332 | D:3      | Reached XP level 3. HP: 16/18 MP: 2/4
   525 | D:3      | Found a glowing drain.
   531 | D:3      | Succumbed to an adder's poison

Vault maps used:
D:1:      dpeg_arrival_subterranean_lakeside_camping, minmay_box_of_dots
D:2:      ecumenical_altar_1, minivault_25, evilmike_ruin_ashenzari
D:3:      portal_sewer_entry_d
D:4:      first_bread, minmay_ruptured

Skill      XL: |  1  2 |
---------------+-------+-----
Stealth        | 5 |  5.5
Short Blades   | 2 |  2.4
Throwing       | 2 |  2.2
Fighting       | |  1.7
Dodging        | |  0.7

Action                   || total
-------------------------++-------
Melee: Dagger            ||    54
       Bite              ||    13
 Fire: Blowgun           ||     4
  Use: Potion            ||     2
 Stab: Sleeping          ||     6
       Distracted        ||     2
Armor: Leather armour    ||    28
Dodge: Dodged            ||    33
